 Dungeon Crawl Stone Soup version 0.29-a0-378-gc08b2e8bf8 (webtiles) character file.

Game seed: 13055525413043465214

8794 zazu2006 the Covert (level 11, 0/83 HPs)
             Began as a Naga Hedge Wizard on May 4, 2022.
             Was a Priest of Vehumet.
             Slain by a polar bear (2 damage)
             ... on level 1 of the Lair of Beasts on May 5, 2022.
             The game lasted 00:38:13 (12579 turns).

zazu2006 the Covert (Naga Hedge Wizard)            Turns: 12579, Time: 00:38:14

Health: 0/83       AC: 18    Str: 22    XL:     11   Next: 36%
Magic:  9/22       EV:  8    Int: 17    God:    Vehumet [***...]
Gold:   886        SH:  0    Dex: 11    Spells: 16/25 levels left

rFire   + . .      SeeInvis +   H - +4 scimitar (flame)
rCold   . . .      Faith    .   (no shield)
rNeg    . . .      Spirit   .   y - +1 leather armour {rF+}
rPois   +          Reflect  .   c - +0 hat
rElec   .          Harm     .   B - +2 cloak
rCorr   .          Rampage  .   (no gloves)
Will    +....                   z - +0 barding
Stlth   ++++......              (no amulet)
HPRegen 0.23/turn               k - +6 ring of strength
MPRegen 0.18/turn               t - +4 ring of protection

@: on blink cooldown, very slow
A: AC +3, large, see invisible, deformed body, poison resistance, slowness 2,
spit poison 1, naga tail 1, stinger 1, frail 1, strong 1
a: Spit Poison, Renounce Religion


You were on level 1 of the Lair of Beasts.
You worshipped Vehumet.
Vehumet was most pleased with you.
You visited 3 branches of the dungeon, and saw 10 of its levels.
You also visited: Ice Cave.

You collected 908 gold pieces.
You spent 22 gold pieces at shops.

Inventory:

Hand Weapons
 q - the +7 trident of Exchange {vorpal, rElec rN+ Str+3}
   (You found it in an ice cave)

   It inflicts extra damage upon your enemies.
   Str:       It affects your strength (+3).
   rElec:     It insulates you from electricity.
   rN:        It protects you from negative energy.
 w - a +1 rapier of venom
 H - a +4 scimitar of flaming (weapon)
Armour
 c - a +0 hat (worn)
 y - a +1 leather armour of fire resistance (worn)
 z - a +0 barding (worn)
 B - a +2 cloak (worn)
 D - a +2 robe of the Archmagi
Jewellery
 b - a +4 ring of protection
 g - the ring "Sesach" {rF++ rN+ Will-}
   (You found it in an ice cave)

   [ring of positive energy]

   rF:        It greatly protects you from fire.
   rN:        It protects you from negative energy.
   Will:      It decreases your willpower.
 i - a +6 ring of dexterity
 k - a +6 ring of strength (left hand)
 m - a ring of willpower
 n - a +6 ring of intelligence
 o - a ring of positive energy
 t - a +4 ring of protection (right hand)
Scrolls
 e - 3 scrolls of fog
 p - a scroll of poison
 s - a scroll of enchant weapon
 u - a scroll of noise
 F - a scroll of acquirement {unknown}
Potions
 a - 4 potions of flight
 d - 2 potions of magic
 f - a potion of heal wounds
 h - a potion of ambrosia
 l - 2 potions of brilliance
 v - a potion of mutation
 x - 3 potions of curing


   Skills:
 + Level 4.7 Fighting
 * Level 5.0 Long Blades
 + Level 4.0 Armour
 + Level 4.5 Dodging
 + Level 10.4 Stealth
 + Level 7.7 Spellcasting
 + Level 6.7 Conjurations
 + Level 1.0 Summonings
 + Level 1.1 Translocations
 + Level 1.0 Fire Magic
 + Level 3.4 Air Magic
 + Level 7.7 Poison Magic
 + Level 1.0 Evocations


You had 16 spell levels left.
You knew the following spells:

 Your Spells              Type           Power      Damage    Failure   Level
a - Magic Dart            Conj           100%       1d8       1%          1
b - Mephitic Cloud        Conj/Pois/Air  26%        N/A       1%          3
c - Conjure Flame         Conj/Fire      19%        6-21      2%          3
d - Blink                 Tloc           20%        N/A       12%         2

Your spell library contained the following spells:

 Spells                   Type           Power      Damage    Failure   Level
 Static Discharge         Conj/Air       24%        N/A       1%          2
 Shock                    Conj/Air       96%        1d9       1%          1
 Airstrike                Air            9%         N/A       8%          4
 Swiftness                Air            18%        N/A       9%          3
 Slow                     Hex            24%        N/A       12%         1
 Call Imp                 Summ           10%        N/A       12%         2
 Sublimation of Blood     Necr           6%         N/A       19%         2
 Wereblood                Tmut           6%         N/A       19%         2
 Portal Projectile        Hex/Tloc       16%        N/A       28%         3
 Ozocubu's Armour         Ice            6%         N/A       36%         3
 Alistair's Intoxication  Tmut/Pois      12%        N/A       56%         5
 Eringya's Noxious Bog    Tmut/Pois      9%         N/A       65%         6
 Manifold Assault         Tloc           10%        N/A       91%         5
 Blade Hands              Tmut           3%         N/A       98%         5
 Borgnjor's Vile Clutch   Necr/Erth      3%         N/A       98%         5
 Excruciating Wounds      Necr           3%         N/A       98%         5
 Ozocubu's Refrigeration  Ice            3%         4d5       100%        7
 Storm Form               Tmut/Air       6%         N/A       100%        7
 Summon Hydra             Summ           5%         N/A       100%        7


Dungeon Overview and Level Annotations

Branches:
Dungeon (8/15)             Temple (1/1) D:4            Lair (1/6) D:8
  IceCv (visited)

Altars:
Ashenzari
Cheibriados
Dithmenos
Elyvilon
Fedhas
Gozag
Hepliaklqana
Kikubaaqudgha
Makhleb
Nemelex Xobeh
Okawaru
Qazlal
Ru
Sif Muna
Trog
Uskayaw
Vehumet
Wu Jian
Xom
Yredelemnul
Zin
The Shining One

Shops:
D:4 (   D:6 (   D:7 [   D:8 *

Annotations:
Lair:1 Urug


Innate Abilities, Weirdness & Mutations

Your serpentine skin is tough. (AC +3)
You have supernaturally acute eyesight. (SInv)
Armour fits poorly on your strangely shaped body.
Your system is resistant to poisons. (rPois)
You cover ground very slowly.
You can spit poison.
You have a snake-like lower body.
Your tail ends in a venomous barb.
You are frail. (-10% HP)
Your muscles are strong. (Str +2)


Message History

You have got your breath back.
The polar bear is engulfed in noxious fumes.
The polar bear bites you.
* * * LOW HITPOINT WARNING * * *
The polar bear claws you.
* * * LOW HITPOINT WARNING * * *
The polar bear claws you but does no damage.
You hit the polar bear. You burn the polar bear.
The polar bear is moderately wounded.
The polar bear bites you.
* * * LOW HITPOINT WARNING * * *
The polar bear claws you but does no damage.
The polar bear closely misses you.
Unknown command.
The polar bear seems less confused.
The polar bear barely misses you. x2
The polar bear claws you but does no damage.
Casting: Magic Dart (safe; 1% risk of failure)
Confirm with . or Enter, or press ? or * to list all spells.
Aiming: Mephitic Cloud (safe; 1% risk of failure)
Press: ? - help, Shift-Dir - straight line, f/p - polar bear
Aim: a polar bear (moderately wounded, chance to affect: 67%)
The ball explodes into a vile cloud!
The stinking cloud engulfs the polar bear but does no damage.
The polar bear is moderately wounded.
The stinking cloud engulfs you but does no damage.
The polar bear is engulfed in noxious fumes.
The polar bear bites you!
* * * LOW HITPOINT WARNING * * *
The polar bear claws you but does no damage. x2
Unknown command.
Unknown command.
Casting: Mephitic Cloud (safe; 1% risk of failure)
Confirm with . or Enter, or press ? or * to list all spells.
You blink.
The polar bear is engulfed in noxious fumes.
The polar bear appears confused.
The polar bear is engulfed in noxious fumes.
The polar bear bites you but does no damage.
The polar bear claws you.
You die...

#P.#.. **,##.
*#..#§
##########..##.
#..#...........
#......#..$....
####..h##**#l....#
#P#.....## #...##*
#@.###...###..#,**
#.h# ##......#,***
##.## ##.....##* *
##☼#* ##†....###
#..# #....#...#*
#.## #...#.#..#,
### ##.#...#...
#..#.#....
##..#.....


You could see 2 polar bears.

Vanquished Creatures
  An ice dragon (IceCv)
  Erica (D:8)
  A two-headed ogre (D:7)
  Pikel (D:7)
  A black mamba (Lair:1)
  2 komodo dragons (Lair:1)
  4 rime drakes (IceCv)
  A troll (D:8)
  3 polar bears (Lair:1)
  Eustachio (D:5)
  Edmund (D:5)
  Duvessa (D:5)
  5 black bears (Lair:1)
  2 ogres
  A centaur (D:7)
  2 wolves (D:8)
  A phantom (D:4)
  4 lemures (D:7)
  5 scorpions
  4 bullfrogs
  4 wights (D:8)
  Dowan (D:5)
  2 electric eels
  A howler monkey (D:8)
  3 lindwurm simulacra (IceCv)
  9 hounds
  4 orc priests
  7 komodo dragon simulacra (IceCv)
  Crazy Yiuf (D:6)
  A gnoll shaman (D:8)
  Jessica (D:2)
  An iguana (D:5)
  Ijyb (D:4)
  Terence (D:4)
  8 orc wizards
  Natasha (thrice) (D:2)
  8 adders
  16 gnolls
  5 acid dragon simulacra (IceCv)
  4 white imps
  2 ufetubi
  6 steam dragon simulacra (IceCv)
  5 worms
  A dart slug (D:2)
  7 orcs
  5 endoplasms
  4 giant cockroaches
  8 goblins
  9 hobgoblins
  4 jackals (D:3)
  5 quokkas
  A training dummy (D:4)
  7 ball pythons
  6 bats
  8 frilled lizards
  11 kobolds
  7 rats
219 creatures vanquished.

Vanquished Creatures (others)
  An electric eel (D:8)
  4 fungi
  29 plants
34 creatures vanquished.

Grand Total: 253 creatures vanquished

Notes
Turn   | Place    | Note
-------+----------+-------------------------------------------
     0 | D:1      | zazu2006 the Naga Hedge Wizard began the quest for the Orb.
     0 | D:1      | Reached XP level 1. HP: 15/15 MP: 4/4
   172 | D:1      | You fall into a shaft and drop 1 floor!
   178 | D:2      | Reached XP level 2. HP: 22/22 MP: 1/6
   504 | D:1      | Reached XP level 3. HP: 26/28 MP: 2/7
   513 | D:1      | Learned a level 3 spell: Mephitic Cloud
   517 | D:1      | Learned a level 3 spell: Conjure Flame
  1528 | D:2      | Noticed Terence
  1793 | D:2      | Noticed Jessica
  1801 | D:2      | Killed Jessica
  1802 | D:2      | Reached XP level 4. HP: 37/37 MP: 5/9
  1887 | D:2      | Noticed Natasha
  1893 | D:2      | Killed Natasha
  1894 | D:2      | Reached skill level 1 in Poison Magic
  1948 | D:2      | Noticed Natasha
  1961 | D:2      | Killed Natasha
  2246 | D:2      | Reached XP level 5. HP: 43/43 MP: 8/10
  2248 | D:2      | Noticed Natasha
  2263 | D:2      | Killed Natasha
  2775 | D:2      | Learned a level 2 spell: Blink
  3051 | D:2      | Reached skill level 4 in Stealth
  3326 | D:3      | Reached XP level 6. HP: 50/50 MP: 9/12
  4639 | D:4      | Noticed Ijyb
  4652 | D:4      | Killed Ijyb
  4743 | D:4      | Reached skill level 1 in Fighting
  4936 | D:4      | Killed Terence
  4937 | D:4      | Reached XP level 7. HP: 52/57 MP: 8/14
  5337 | D:4      | Found a staircase to the Ecumenical Temple.
  5343 | D:4      | Found Egoliut's Firing Range.
  5347 | Temple   | Entered the Ecumenical Temple
  5559 | Temple   | Became a worshipper of Vehumet
  5735 | D:5      | Entered Level 5 of the Dungeon
  5744 | D:5      | Reached skill level 5 in Spellcasting
  5991 | D:5      | Noticed Eustachio
  6005 | D:5      | Killed Eustachio
  6006 | D:5      | Reached XP level 8. HP: 41/66 MP: 13/16
  6164 | D:5      | Noticed Edmund
  6184 | D:5      | Killed Edmund
  6445 | D:5      | Reached skill level 5 in Stealth
  6588 | D:5      | Reached skill level 5 in Poison Magic
  6831 | D:5      | Noticed Dowan
  6837 | D:5      | Noticed Duvessa
  6846 | D:5      | Killed Duvessa
  6848 | D:5      | Killed Dowan
  7127 | D:5      | Found a shimmering blue altar of Sif Muna.
  7240 | D:6      | Reached skill level 6 in Stealth
  7276 | D:6      | Found Vumpug's Weapon Shop.
  8151 | D:6      | Found a runed translucent door.
  8152 | D:6      | Noticed Crazy Yiuf
  8161 | D:6      | Killed Crazy Yiuf
  8230 | D:7      | Reached skill level 1 in Air Magic
  8314 | D:7      | Noticed a two-headed ogre
  8342 | D:7      | Killed a two-headed ogre
  8343 | D:7      | Reached skill level 7 in Stealth
  8343 | D:7      | Reached skill level 5 in Conjurations
  8343 | D:7      | Reached XP level 9. HP: 49/75 MP: 1/18
  8642 | D:7      | Noticed Pikel
  8665 | D:7      | Killed Pikel
  8927 | D:7      | Found Kigeig's Antique Armour Emporium.
  9083 | D:7      | Reached * piety under Vehumet
  9083 | D:7      | Offered knowledge of Sandblast by Vehumet.
  9341 | D:8      | Noticed a troll
  9354 | D:8      | Reached skill level 8 in Stealth
  9364 | D:8      | Killed a troll
  9372 | D:8      | Reached XP level 10. HP: 78/84 MP: 13/20
  9457 | D:8      | Reached skill level 9 in Stealth
  9641 | D:8      | Noticed Erica
  9657 | D:8      | Killed Erica
  9768 | D:8      | Found a staircase to the Lair.
  9997 | D:8      | Offered knowledge of Freeze by Vehumet.
 10001 | D:8      | Reached ** piety under Vehumet
 10111 | D:8      | Found Buiqauke's General Store.
 10119 | D:8      | Bought a scroll of identify for 22 gold pieces
 10279 | Lair:1   | Entered Level 1 of the Lair of Beasts
 10311 | Lair:1   | Reached skill level 10 in Stealth
 10333 | Lair:1   | Noticed Urug
 10379 | Lair:1   | Noticed an eight-headed hydra
 10387 | Lair:1   | Found a frozen archway.
 10392 | IceCv    | Entered an ice cave
 10745 | IceCv    | Reached skill level 1 in Evocations
 10781 | IceCv    | Noticed an ice statue
 10781 | IceCv    | Noticed an ice statue
 11245 | IceCv    | Offered knowledge of Static Discharge by Vehumet.
 11279 | IceCv    | Reached skill level 1 in Long Blades
 11313 | IceCv    | Noticed an ice dragon
 11536 | IceCv    | Gained mutation: You are frail. (-10% HP) [potion of
                  | mutation]
 11536 | IceCv    | Gained mutation: Your tail ends in a venomous barb. [potion
                  | of mutation]
 11536 | IceCv    | Gained mutation: Your muscles are strong. (Str +2) [potion
                  | of mutation]
 11544 | IceCv    | Killed an ice dragon
 11545 | IceCv    | Reached XP level 11. HP: 17/83 MP: 22/22
 11902 | IceCv    | Identified the ring "Sesach" {rF++ rN+ Will-}
 12110 | IceCv    | Reached *** piety under Vehumet
 12195 | IceCv    | Identified the +7 trident of Exchange {vorpal, rElec rN+
                  | Str+3}
 12388 | Lair:1   | Reached skill level 1 in Fire Magic
 12564 | Lair:1   | Reached skill level 5 in Long Blades
 12577 | Lair:1   | HP: 1/83 [polar bear (12)]
 12579 | Lair:1   | Slain by a polar bear

Illustrated notes

Levels and vault maps discovered:
D:1:      onia_arrival_mini_maze_b, layout_loops_cross
D:2:      layout_basic, nicolae_wormholes, uniq_jessica, uniq_natasha,
          uniq_terence
D:3:      layout_rooms, serial_bayou, serial_bayou_ford_a,
          serial_bayou_crossing, serial_bayou_pond_b, serial_bayou_lagoon_b,
          serial_bayou_pond_c, serial_bayou_pond_e, minmay_unequal
D:4:      layout_gridville, temple_statues, minmay_misc_feat_iff,
          nicolae_shop_firing_range, uniq_ijyb
D:5:      layout_loops_cross, tgw_sif, uniq_duvessa, uniq_edmund, uniq_eustachio
D:6:      layout_gridville, nicolae_take_the_stairs,
          chequers_serial_rivers_room_b, uniq_crazy_yiuf_cottage
D:7:      layout_gridville, serial_shops, shop_statue, nrook_pool_corridor,
          uniq_pikel
D:8:      layout_rooms, erik_lair_island, serial_shops, shop, uniq_erica
Temple:   mainiacjoe_temple_archimedes_tessellation
Lair:1:   beast_lair_carwin_large_4, layout_layer_cave,
          portal_ice_cave_entry_pillars_2, grunt_megastairs_2, uniq_urug

Skill      XL: |  1  2  3  4  5  6  7  8  9 10 11 |
---------------+----------------------------------+-----
Dodging        | 2 3 4 |  4.5
Poison Magic   | 1 2 3 4 6 7 |  7.7
Conjurations   | 2 3 4 5 6 |  6.7
Spellcasting   | 4 5 6 7 |  7.7
Stealth        | 4 7 8 10 | 10.4
Fighting       | 1 3 4 |  4.7
Air Magic      | 1 2 3 |  3.4
Armour         | 2 3 4 |  4.0
Evocations     | 1 |  1.0
Long Blades    | 2 5 |  5.0
Fire Magic     | 1 |  1.0
Summonings     | |  1.0
Translocations | |  1.1

Action                   |  1- 3 |  4- 6 |  7- 9 | 10-12 || total
-------------------------+-------+-------+-------+-------++-------
Melee: Dagger            |     2 |    23 |    54 |       ||    79
       Punch             |       |     1 |     1 |     1 ||     3
       Rapier            |       |       |   110 |    81 ||   191
       Scimitar          |       |       |       |    87 ||    87
 Cast: Magic Dart        |    74 |   188 |    72 |    55 ||   389
       Mephitic Cloud    |       |     3 |    26 |    34 ||    63
       Conjure Flame     |       |       |       |    19 ||    19
       Blink             |       |       |       |     3 ||     3
 Abil: Spit Poison       |    14 |    36 |    20 |    10 ||    80
Evoke: Wand              |       |       |       |     7 ||     7
  Use: Scroll            |       |       |       |    20 ||    20
       Potion            |       |       |       |     9 ||     9
 Stab: Confused          |       |       |    15 |    11 ||    26
       Sleeping          |       |       |     5 |       ||     5
Armor: Robe              |     2 |    18 |    15 |       ||    35
       Leather armour    |       |       |    36 |   148 ||   184
       Skin              |       |       |       |    29 ||    29
Dodge: Dodged            |    21 |    49 |    77 |    77 ||   224

Table legend: (Time is in decaauts)
 A = Elapsed time spent in this place.
 B = Non-inter-level travel time spent in this place.
 C = Inter-level travel time spent in this place.
 D = Time resting spent in this place.
 E = Time spent auto-exploring this place.
 F = Levels seen in this place.
 G = Mean time per level.
                   A        B        C        D        E       F      G
               +--------+--------+--------+--------+--------+-----+--------+
         Total |  14756 |  14387 |    369 |   2010 |   9671 |  11 | 1341.5 |
       Dungeon |  11963 |  11607 |    356 |    430 |   9393 |   8 | 1495.4 |
        Temple |    309 |    296 |     13 |      0 |    261 |   1 |  309.0 |
          Lair |    365 |    365 |      0 |    116 |      0 |   1 |  365.0 |
      Ice Cave |   2117 |   2117 |      0 |   1464 |     16 |   1 | 2117.0 |
               +--------+--------+--------+--------+--------+-----+--------+

Top non-repeatable levels by time:
   IceCv: 2117 daAuts
     D:2: 1817 daAuts
     D:1: 1807 daAuts
     D:5: 1675 daAuts
     D:3: 1602 daAuts
     D:6: 1436 daAuts
     D:7: 1253 daAuts
     D:8: 1228 daAuts
     D:4: 1141 daAuts
  Lair:1: 365 daAuts
  Temple: 309 daAuts
